 Dungeon Crawl Stone Soup version 0.26-a0-964-g69f9a3b9e2 (webtiles) character file.

Game seed: 16419757926211509504

16 whatsthevibe the Chiller (level 2, 0/11 HPs)
             Began as a Felid Ice Elementalist on Dec 2, 2020.
             Slain by an adder (5 damage)
             ... on level 2 of the Dungeon.
             The game lasted 00:02:54 (987 turns).

whatsthevibe the Chiller (Felid Ice Elementalist)    Turns: 987, Time: 00:02:54

Health: 0/11       AC:  1    Str:  4    XL:     2   Next: 41%
Magic:  5/6        EV: 18    Int: 16    God:
Gold:   59         SH:  0    Dex: 16    Spells: 4/5 levels left
                                        Lives:  0   Deaths: 0

rFire    . . .     SeeInvis +   (weapon unavailable)
rCold    . . .     Faith    .   (shield unavailable)
rNeg     . . .     Spirit   .   (armour unavailable)
rPois    .         Reflect  .   (helmet unavailable)
rElec    .         Harm     .   (cloak unavailable)
rCorr    .         Rampage  .   (gloves unavailable)
MR       .....                  (boots unavailable)
Stlth    +++.......             (no amulet)
HPRegen  0.03/turn              (no ring)
MPRegen  0.10/turn              (no ring)

@: lethally poisoned (0 -> -7), quick
A: very small, no armour, no weapons or thrown items, stealth, claws 1, fangs 3,
see invisible, speed 1, shaggy fur 1, sharp paws
a: no special abilities


You were on level 2 of the Dungeon.
You visited 1 branch of the dungeon, and saw 2 of its levels.

You collected 59 gold pieces.

Inventory:

Missiles
 j - 4 silver boomerangs
Armour
 b - a +0 ring mail
 g - a +0 ring mail
Jewellery
 d - an uncursed ring of wizardry {unknown}
Scrolls
 e - 2 scrolls of identify {unknown}
 f - a scroll of teleportation {unknown}
 i - a scroll of enchant armour {unknown}
Potions
 a - a potion of curing {unknown}
 c - a potion of mutation {unknown}
 h - a potion of flight {unknown}


   Skills:
 + Level 2.7 Dodging
 + Level 2.7 Stealth
 + Level 0.1 Unarmed Combat
 + Level 2.1 Spellcasting
 + Level 4.1 Ice Magic


You had 4 spell levels left.
You knew the following spells:

 Your Spells              Type           Power        Failure   Level
a - Freeze                Ice            ##..         3%          1

Your spell library contained the following spells:

 Spells                   Type           Power        Failure   Level
 Frozen Ramparts          Ice            ##....       11%         3
 Ozocubu's Armour         Ice            ##......     11%         3
 Hailstorm                Conj/Ice       #.......     65%         4
 Summon Ice Beast         Ice/Summ       #.......     65%         4


Dungeon Overview and Level Annotations

Branches:
Dungeon (2/15)

Altars:


Innate Abilities, Weirdness & Mutations

You cannot wear armour.
You are incapable of wielding weapons or throwing items.
Your paws allow you to move quietly. (Stealth)
You have sharp claws.
You have razor-sharp teeth.
You have supernaturally acute eyesight. (SInv)
You cover ground quickly.
You are covered in fur. (AC +1)
Your sharp claws are effective at attacking unaware monsters.


Message History

There are no items here.
Your magical contamination has completely faded away.
An adder comes into view.
The adder hisses angrily.
Found a scroll labelled OHUGOKE EJECH.
You scratch the adder but do no damage. The adder bites you.
The adder barely misses you.
You completely miss the adder. The adder bites you.
You scratch the adder.
The adder is lightly wounded.
The adder barely misses you.
You miss the adder.
The adder is lightly wounded.
The adder barely misses you.
You scratch the adder.
The adder is moderately wounded.
The adder bites you.
You are lethally poisoned!
The adder poisons you! The adder bites you.
You die...

#. #......## #.###.#
#..#.####..###.....+
#
#..#...............#
#?
#..........##...####
#..#.##.####..##...#
........# #..##...#
...#.#..# #..##...#
........####.......#
#.##...@..........##
# #...S###.......+
......... ..
#.......## #.##.....
#. #.#.## #.#. #.#.


You could see an adder.

Vanquished Creatures
  A dart slug (D:1)
  A leopard gecko (D:1)
  3 giant cockroaches (D:1)
  2 hobgoblins (D:1)
  A kobold (D:1)
  A bat (D:2)
  A goblin (D:1)
  3 rats (D:1)
13 creatures vanquished.

Vanquished Creatures (others)
  6 plants (D:1)
6 creatures vanquished.

Grand Total: 19 creatures vanquished

Notes
Turn   | Place    | Note
-------+----------+-------------------------------------------
     0 | D:1      | whatsthevibe the Felid Ice Elementalist began the quest for
                  | the Orb.
     0 | D:1      | Reached XP level 1. HP: 7/7 MP: 4/4
   378 | D:1      | Reached XP level 2. HP: 11/11 MP: 3/6
   402 | D:1      | Reached skill level 4 in Ice Magic
   987 | D:2      | Slain by an adder

Illustrated notes

Levels and vault maps discovered:
D:1:      saegor_arrival_simple_b, layout_basic, minivault_14,
          serial_bayou_ford_a, minmay_quantized
D:2:      layout_basic, lemuel_round_altar, minmay_pentomino_o2, uniq_robin

Skill      XL: |  1  2 |
---------------+-------+-----
Ice Magic      | 4 |  4.1
Dodging        | |  2.7
Stealth        | |  2.7
Unarmed Combat | |  0.1
Spellcasting   | |  2.1

Action                   || total
-------------------------++-------
Melee: Unarmed           ||    41
       Bite              ||     5
 Cast: Freeze            ||    16
Armor: Skin              ||     2
Dodge: Dodged            ||    25

Table legend: (Time is in decaauts)
 A = Elapsed time spent in this place.
 B = Non-inter-level travel time spent in this place.
 C = Inter-level travel time spent in this place.
 D = Time resting spent in this place.
 E = Time spent auto-exploring this place.
 F = Levels seen in this place.
 G = Mean time per level.
                   A        B        C        D        E       F      G
               +--------+--------+--------+--------+--------+-----+--------+
         Total |    862 |    862 |      0 |    237 |      0 |   2 |  431.0 |
       Dungeon |    862 |    862 |      0 |    237 |      0 |   2 |  431.0 |
               +--------+--------+--------+--------+--------+-----+--------+

Top non-repeatable levels by time:
     D:1: 797 daAuts
     D:2: 65 daAuts
